 Dungeon Crawl Stone Soup version 0.31-a0-210-gccc998df9b (webtiles) character file.

Game seed: 1978403538453048822

443 qw the Chopper (level 7, -2/43 HPs)
             Began as a Gargoyle Fighter on June 29, 2023.
             Slain by Edmund
             ... wielding a +4 flail of protection
              (8 damage)
             ... on level 4 of the Dungeon.
             The game lasted 00:01:54 (3803 turns).

qw the Chopper (Gargoyle Fighter)                   Turns: 3803, Time: 00:01:55

Health: -2/43      AC: 13    Str: 21    XL:     7   Next: 2%
Magic:  7/7        EV:  8    Int:  9    God:
Gold:   197        SH:  4    Dex:  9    Spells: 6/6 levels left

rFire   . . .        Y - +0 war axe
rCold   . . .        c - +0 buckler
rNeg    + . .        a - +0 chain mail
rPois   inf          (no helmet)
rElec   +            (no cloak)
rCorr   .            (no gloves)
SInv    .            (no boots)
Will    .....        (no amulet) Stlth
                     (no ring)
HPRegen 0.27/turn    (no ring)
MPRegen 0.10/turn

%: no passive effects
@: no status effects
A: sickness immunity, AC +4, negative energy resistance 1, electricity
resistance, torment resistance 1, petrification resistance
a: no special abilities


You were on level 4 of the Dungeon.
You visited 1 branch of the dungeon, and saw 4 of its levels.

You collected 197 gold pieces.


Innate Abilities, Weirdness & Mutations

You are immune to sickness and miasma.
Your stone body is resilient. (AC +4)
You are immune to poison.
You resist negative energy. (rN+)
You are resistant to electric shocks. (rElec)
You are resistant to unholy torment.
You are immune to petrification.


   Skills:
 - Level 4.1 Fighting
 + Level 6.1 Axes
 - Level 3.2 Armour
 - Level 1.0 Dodging
 - Level 3.2 Shields


You had 6 spell levels left.
You didn't know any spells.
Your spell library was empty.

Inventory:

Hand Weapons
 h - a +0 flail
 Y - a +0 war axe (weapon)
Armour
 a - a +0 chain mail (worn)
 c - a +0 buckler (worn)
 e - the +2 robe of Lethargy {Drain rN++ rCorr Dex+4}
   (You found it on level 2 of the Dungeon)

   Dex:       It affects your dexterity (+4).
   rN:        It greatly protects you from negative energy.
   rCorr:     It protects you from acid and corrosion.
   Drain:     It drains your maximum health when unequipped.
Jewellery
 g - a ring of magical power
Potions
 b - 2 potions of cancellation {unknown}
 d - 2 potions of might
 i - a potion of haste {unknown}
 k - 2 potions of curing
 l - a potion of resistance

Dungeon Overview and Level Annotations

Branches:
Dungeon (4/15)
 Temple: D:4-7

Altars:
Hepliaklqana
Zin

Annotations:
D:4 Edmund


Message History

Edmund is heavily wounded.
Edmund hits you but does no damage.
You hit Edmund but do no damage.
Edmund is heavily wounded.
Edmund hits you with a +4 flail of protection.
You hit Edmund.
Edmund is heavily wounded.
Edmund hits you but does no damage.
You closely miss Edmund.
Edmund is heavily wounded.
Edmund barely misses you. x2
The gnoll shouts!
You hit Edmund but do no damage.
Edmund is heavily wounded.
You barely miss the gnoll. Edmund hits you but does no damage.
You block the gnoll's attack.
You closely miss Edmund.
Edmund is heavily wounded.
You hit the gnoll. You block Edmund's attack.
The gnoll hits you but does no damage.
You barely miss Edmund.
Edmund is heavily wounded.
You hit the gnoll but do no damage.
Edmund hits you with a +4 flail of protection.
The gnoll misses you.
You closely miss Edmund.
Edmund is heavily wounded.
You barely miss the gnoll. Edmund hits you but does no damage.
You block the gnoll's attack. Edmund barely misses you.
You block the gnoll's attack.
You barely miss Edmund.
Edmund is heavily wounded.
You hit the gnoll. Edmund hits you but does no damage.
The gnoll hits you with a +0 club.
The gnoll hits you from afar with a +0 halberd!
You hit the gnoll.
The gnoll is almost dead.
You barely miss Edmund.
Edmund hits you with a +4 flail of protection!
You die...

##.....## #....... #.......
#....... ###### ##.....##
#....# ### ######.......#
#....# #.. #..........@.#
#....# #.# #..........@.#
##....###.# #.........g.###
#.....##..#
#..........g..####.##.###.#.
#..%...........#...##.# #.#.
#................####.# #.#.
#................# #.###.#.
#####...........## #.##....
#...........## ##.##..##
#######g...........#
#..##....


You could see Edmund and 2 gnolls.

Vanquished Creatures
  A phantom (D:4)
  A scorpion (D:4)
  An orc priest (D:2)
  2 orc wizards
  7 adders
  4 gnolls (D:4)
  5 worms
  4 dart slugs
  8 orcs
  8 ball pythons
  8 endoplasms
  8 goblins
  4 hobgoblins
  10 jackals
  9 kobolds
  2 quokkas
  6 bats
  13 frilled lizards
  5 rats
106 creatures vanquished.

Notes
Turn   | Place    | Note
-------+----------+-------------------------------------------
     0 | D:1      | qw the Gargoyle Fighter began the quest for the Orb.
     0 | D:1      | Reached XP level 1. HP: 14/14 MP: 1/1
     0 | D:1      | 0 ||| qw: Version: 0.3-a-24-ga2abf7b
     0 | D:1      | 0 ||| qw: Game counter: 6949
     0 | D:1      | 0 ||| qw: Melee chars always use a shield: true
     0 | D:1      | 0 ||| qw: God list: Okawaru
     0 | D:1      | 0 ||| qw: Allow faded altars: false
     0 | D:1      | 0 ||| qw: Do Orc after clearing Dungeon:15 true
     0 | D:1      | 0 ||| qw: Do second Lair branch before Depths: true
     0 | D:1      | 0 ||| qw: Lair rune preference: random
     0 | D:1      | 0 ||| qw: Goals: Normal, Zot:1-4, Slime:5, God:TSO, Crypt,
                  | Tomb, Abyss, Pan, Hells, Win
     0 | D:1      | 0 ||| PLANNING D:1-11
    76 | D:1      | Reached skill level 2 in Axes
   241 | D:1      | Reached XP level 2. HP: 17/19 MP: 2/2
   257 | D:1      | 257 ||| Stepping ~*~*~tactically~*~*~ (hiding).
   365 | D:1      | 365 ||| DROPPING +0 club.
   397 | D:1      | 397 ||| Stepping ~*~*~tactically~*~*~ (hiding).
   582 | D:1      | Reached skill level 3 in Axes
   621 | D:1      | Reached XP level 3. HP: 23/23 MP: 3/3
  1110 | D:1      | 1110 ||| READING scroll labelled ZUHILLEIMO.
  1115 | D:1      | 1115 ||| READING scroll labelled RUIVUV GENT.
  1116 | D:1      | 1116 ||| READING scroll labelled OSKUJE YCANUUDGH.
  1117 | D:1      | 1117 ||| READING scroll labelled OBLEQ KIEBYBU.
  1131 | D:2      | 1131 ||| Stepping ~*~*~tactically~*~*~ (hiding).
  1256 | D:2      | HP: 5/23 [orc priest/+0 whip (1)]
  1258 | D:2      | Reached skill level 4 in Axes
  1258 | D:2      | Reached XP level 4. HP: 7/28 MP: 4/4
  1262 | D:2      | HP: 6/28 [something/puff of flame (2)]
  1358 | D:2      | Identified the +2 robe of Lethargy {Drain rN++ rCorr Dex+4}
  1554 | D:2      | Found a hazy altar of Hepliaklqana.
  1569 | D:2      | Identified the +7 rapier of Trauma {protect, Will++ Int+2}
  1583 | D:2      | 1583 ||| Stepping ~*~*~tactically~*~*~ (stealth).
  1603 | D:2      | Reached XP level 5. HP: 22/32 MP: 5/5
  1930 | D:2      | Found a faded altar of an unknown god.
  2027 | D:2      | 2027 ||| READING scroll labelled RURIBB DEIZORGH.
  2028 | D:2      | 2028 ||| READING scroll labelled SIYMOR MEME.
  2029 | D:2      | 2029 ||| READING 2 scrolls labelled ZOCSUTRAICW.
  2030 | D:2      | 2030 ||| READING scroll labelled ODOSIG HOEBEE.
  2053 | D:2      | 2053 ||| DRINKING 2 black potions.
  2054 | D:2      | 2054 ||| DROPPING scroll of poison.
  2142 | D:3      | 2142 ||| Stepping ~*~*~tactically~*~*~ (hiding).
  2143 | D:3      | 2143 ||| Stepping ~*~*~tactically~*~*~ (hiding).
  2148 | D:3      | 2148 ||| Stepping ~*~*~tactically~*~*~ (hiding).
  2157 | D:3      | 2157 ||| Stepping ~*~*~tactically~*~*~ (stealth).
  2259 | D:3      | 2259 ||| Stepping ~*~*~tactically~*~*~ (stealth).
  2338 | D:3      | Reached skill level 5 in Axes
  2448 | D:3      | Found a glowing silver altar of Zin.
  2535 | D:3      | 2535 ||| Stepping ~*~*~tactically~*~*~ (hiding).
  2595 | D:3      | 2595 ||| DROPPING +0 whip.
  2605 | D:3      | 2605 ||| Stepping ~*~*~tactically~*~*~ (stealth).
  2614 | D:3      | 2614 ||| DROPPING +0 mace.
  2861 | D:3      | 2861 ||| Stepping ~*~*~tactically~*~*~ (hiding).
  2863 | D:3      | 2863 ||| Stepping ~*~*~tactically~*~*~ (hiding).
  3164 | D:3      | 3164 ||| UPGRADING to +0 chain mail.
  3174 | D:3      | 3174 ||| DROPPING +0 scale mail.
  3175 | D:3      | 3175 ||| READING scroll labelled FAMIWN NASIARI.
  3176 | D:3      | 3176 ||| READING 3 scrolls labelled JOJ BOSOFAMIG.
  3177 | D:3      | 3177 ||| DRINKING 3 emerald potions.
  3178 | D:3      | 3178 ||| DRINKING 2 fizzy black potions.
  3179 | D:3      | 3179 ||| DROPPING 2 scrolls of fear.
  3220 | D:4      | Noticed a phantom
  3224 | D:4      | Reached XP level 6. HP: 32/38 MP: 6/6
  3243 | D:4      | HP: 9/38 [gnoll/+0 halberd (5)]
  3244 | D:4      | 3244 ||| READING scroll of teleportation.
  3245 | D:4      | 3245 ||| DRINKING 2 potions of heal wounds.
  3267 | D:4      | Reached skill level 6 in Axes
  3356 | D:4      | 3356 ||| Stepping ~*~*~tactically~*~*~ (hiding).
  3357 | D:4      | 3357 ||| Stepping ~*~*~tactically~*~*~ (hiding).
  3454 | D:4      | 3454 ||| Stepping ~*~*~tactically~*~*~ (hiding).
  3456 | D:4      | 3456 ||| Stepping ~*~*~tactically~*~*~ (hiding).
  3458 | D:4      | 3458 ||| Stepping ~*~*~tactically~*~*~ (hiding).
  3467 | D:4      | HP: 9/38 [gnoll/+0 flail (5)]
  3468 | D:4      | 3468 ||| READING scroll of teleportation.
  3468 | D:4      | HP: 2/38 [gnoll/+0 flail (7)]
  3469 | D:4      | 3469 ||| DRINKING potion of heal wounds.
  3471 | D:4      | Reached skill level 1 in Dodging
  3471 | D:4      | Reached XP level 7. HP: 28/43 MP: 7/7
  3534 | D:4      | 3534 ||| Stepping ~*~*~tactically~*~*~ (hiding).
  3536 | D:4      | 3536 ||| Stepping ~*~*~tactically~*~*~ (hiding).
  3785 | D:4      | Noticed Edmund
  3802 | D:4      | HP: 6/43 [gnoll/+0 halberd (10)]
  3803 | D:4      | Slain by Edmund

Levels and vault maps discovered:
D:1:      dpeg_arrival_simpleton_c, layout_rooms, serial_co_window_serial,
          co_window_of_opportunity_a, co_window_corner_a,
          co_window_of_opportunity_a, co_window_paths_b,
          co_window_of_opportunity_a, co_window_of_opportunity_c,
          co_window_2corner, co_window_unsneaky_path_e, co_window_cross_4,
          co_window_broadway_c, co_window_corner_b, co_window_paths_e,
          minmay_lizard_king
D:2:      layout_loops_ring, shapermc_ecumenical_altar_venn, basic_altar,
          grunt_decor_clamped
D:3:      layout_basic, mainiacjoe_overflow_brackets, minmay_misc_feat_rows,
          nicolae_half_adder
D:4:      layout_rooms, minmay_misc_feat_enclosed, nicolae_figureground_sparkle,
          uniq_edmund

Skill      XL: |  1  2  3  4  5  6 |
---------------+-------------------+-----
Axes           | 2 3 4 5 6 |  6.1
Fighting       | 4 |  4.1
Dodging        | 1 |  1.0
Armour         | |  3.2
Shields        | |  3.2

Action                     |  1- 3 |  4- 6 |  7- 9 || total
---------------------------+-------+-------+-------++-------
  Melee: War axe           |   117 |   194 |    15 ||   326
    Use: Scroll            |     4 |     8 |       ||    12
         Potion            |       |     5 |       ||     5
 Armour: Scale mail        |    82 |    47 |       ||   129
         Chain mail        |       |    85 |     8 ||    93
  Dodge: Dodged            |    74 |    91 |     4 ||   169
  Block: Buckler           |    22 |    46 |     5 ||    73

Table legend:
 A = Non-vault XP
 B = Vault XP
 C = Vault XP percentage of total XP
 D = Non-vault monster count
 E = Vault monster count
 F = Vault count percentage of total count
                 A         B        C        D         E       F
            +---------+---------+-------+---------+---------+-------
      Total |     586 |      47 |   7.4 |      95 |      11 |  10.4
            +---------+---------+-------+---------+---------+-------
        D:1 |      45 |       8 |  15.1 |      23 |       8 |  25.8
        D:2 |     115 |       0 |   0.0 |      20 |       0 |   0.0
        D:3 |     107 |      39 |  26.7 |      24 |       3 |  11.1
        D:4 |     319 |       0 |   0.0 |      28 |       0 |   0.0
            +---------+---------+-------+---------+---------+-------
